 Dungeon Crawl Stone Soup version 0.25.0-11-g1f837a76a1 (webtiles) character file.

Game seed: 6750427232343118695

(classic levelgen) 50904 EnegeticOcto the Brawler (level 14, -1/129 HPs)
             Began as a Ghoul Fighter on June 24, 2020.
             Was the Champion of Okawaru.
             Slain by a seven-headed hydra (4 damage)
             ... on level 15 of the Dungeon.
             The game lasted 00:23:57 (21074 turns).

EnegeticOcto the Brawler (Ghoul Fighter)           Turns: 21074, Time: 00:23:57

Health: -1/129     AC: 21    Str: 23    XL:     14   Next: 57%
Magic:  0/17       EV:  7    Int:  5    God:    Okawaru [******]
Gold:   426        SH: 12    Dex:  8    Spells: 13/13 levels left

rFire    . . .     SeeInvis .     - Unarmed
rCold    + . .     Gourm    .   b - +1 kite shield
rNeg     + + +     Faith    .   z - +3 storm dragon scales
rPois    ∞         Spirit   +   (no helmet)
rElec    +         Reflect  .   g - scarf {repulsion}
rCorr    +         Harm     .   y - +2 pair of gloves
MR       +....                  M - +0 pair of boots
Stlth    ..........             v - amulet of guardian spirit
HPRegen  0.00/turn              k - ring of resist corrosion
MPRegen  0.15/turn              (no ring)

@: rotting, repel missiles
A: rotting body, claws 1, carnivore, cold resistance 1, negative energy
resistance 3, inhibited regeneration, torment resistance, unbreathing
a: Heroism, Finesse, Renounce Religion


You were on level 15 of the Dungeon.
You worshipped Okawaru.
Okawaru was exalted by your worship.
You were not hungry.

You visited 1 branch of the dungeon, and saw 15 of its levels.
You also visited: Gauntlet.

You collected 895 gold pieces.
You spent 469 gold pieces at shops.

Inventory:

Hand Weapons
 C - the +5 mace "Kufukhlao" {freeze, rPois rF+++ Int-5 Dex+2}
   (You found it on level 10 of the Dungeon)

   It has been specially enchanted to freeze those struck by it, causing extra
   injury to most foes and up to half again as much damage against particularly
   susceptible opponents.
   It can also slow down cold-blooded creatures.
   It affects your intelligence (-5).
   It affects your dexterity (+2).
   It renders you almost immune to fire.
   It protects you from poison.
Missiles
 a - 4 throwing nets {!f}
 d - 16 boomerangs
 s - 9 javelins (quivered)
 B - 6 boomerangs of dispersal
 F - 27 silver javelins
 I - 6 curare-tipped darts
Armour
 b - a +1 kite shield (worn)
 g - a scarf of repulsion (worn)
 y - a +2 pair of gloves (worn)
 z - +3 storm dragon scales (worn)
 M - a +0 pair of boots (worn)
Jewellery
 k - a ring of resist corrosion (left hand)
 q - an uncursed ring of fire
 v - an amulet of guardian spirit (around neck)
 D - the amulet "Kymaptin" {Acrobat *Corrode MP+9 Int+4}
   (You found it in a Gauntlet)

   [amulet of the acrobat]

   It helps you evade while moving and waiting.
   It affects your intelligence (+4).
   It affects your magic capacity (+9).
   It may corrode you when you take damage.
Wands
 j - a wand of iceblast (29) {@v2}
 t - a wand of flame (29) {@v4}
 w - a wand of acid (13) {@v1}
 H - a wand of enslavement (5)
Scrolls
 f - a scroll of summoning
 i - 7 scrolls of teleportation {@r3 !r}
 l - 6 scrolls of remove curse {@r2}
 r - 3 scrolls of fear {!r}
 x - a scroll of fog {!r}
 J - a scroll of magic mapping {@r5 !r}
 L - a scroll of identify {@r1}
 N - a scroll of immolation
Potions
 c - 2 potions of might {@q3 !q}
 h - a potion of mutation {unknown}
 m - 5 potions of ambrosia
 o - 7 potions of curing {@q1 !q}
 p - a potion of flight
 u - 2 potions of resistance
 A - 6 potions of haste {@q4 !q}
 E - 2 potions of heal wounds {@q2 !q}
 G - a potion of magic {unknown}
 K - a potion of cancellation {unknown}
Comestibles
 e - 31 rations


   Skills:
 + Level 13.4 Fighting
 + Level 10.4 Throwing
 - Level 8.0 Armour
 - Level 8.0 Shields
 - Level 15.0 Unarmed Combat
 - Level 6.0 Invocations


You had 13 spell levels left.
You didn't know any spells.
Your spell library contained the following spells:

 Spells                   Type           Power        Failure   Level  Hunger
 Magic Dart               Conj           #...         100%        1    ##.....
 Shock                    Conj/Air       #...         100%        1    ##.....
 Sticks to Snakes         Tmut           #.......     100%        2    ###....
 Swiftness                Chrm/Air       #.......     100%        2    ###....
 Confusing Touch          Hex            #.......     100%        3    ####...
 Gell's Gravitas          Tloc           #.........   100%        3    ####...
 Static Discharge         Conj/Air       #.......     100%        3    ####...
 Airstrike                Air            #.........   100%        4    #####..
 Cause Fear               Hex            #.........   100%        4    #####..
 Petrify                  Tmut/Erth      #.......     100%        4    #####..
 Irradiate                Conj/Tmut      #.........   100%        5    ######.
 Lightning Bolt           Conj/Air       #.........   100%        5    ######.
 Metabolic Englaciation   Hex/Ice        #.........   100%        5    ######.
 Silence                  Hex/Air        #.........   100%        5    ######.
 Yara's Violent Unravell  Hex/Tmut       #.........   100%        5    ######.
 Starburst                Conj/Fire      #.........   100%        6    #######
 Orb of Destruction       Conj           #.........   100%        7    #######
 Discord                  Hex            #.........   100%        8    #######
 Beastly Appendage        Tmut           Unusable     N/A         1    N/A
 Spider Form              Tmut/Pois      Unusable     N/A         3    N/A
 Ice Form                 Ice/Tmut       Unusable     N/A         4    N/A
 Blade Hands              Tmut           Unusable     N/A         5    N/A
 Hydra Form               Tmut           Unusable     N/A         6    N/A
 Statue Form              Tmut/Erth      Unusable     N/A         6    N/A
 Dragon Form              Tmut           Unusable     N/A         7    N/A

Dungeon Overview and Level Annotations

Branches:
Dungeon (15/15)            Temple (0/1) D:6            Lair (0/6) D:8
    Orc (0/2) D:11         Vaults (0/5) D:14        Gauntlet (visited)
 Depths: D:15

Altars:
Ashenzari
Dithmenos
Elyvilon
Fedhas
Gozag
Kikubaaqudgha
Makhleb
Nemelex Xobeh
Okawaru
Ru
Sif Muna
Trog
Vehumet
Xom
Zin
The Shining One
Beogh

Shops:
D:4 *   D:5 !   D:6 *   D:7 *   D:10 %


Innate Abilities, Weirdness & Mutations

Your body is rotting away.
You thrive on raw meat.
You are immune to poison.
You have sharp fingernails.
You are carnivorous and can eat meat at any time.
Your flesh is cold resistant. (rC+)
You are immune to negative energy. (rN+++)
You do not regenerate when monsters are visible.
You are immune to unholy pain and torment.
You can survive without breathing.


Message History

You throw a javelin.
The javelin pierces through the seven-headed hydra!
The seven-headed hydra is almost dead.
The javelin pierces through the centaur warrior.
The centaur warrior is heavily wounded.
The javelin pierces through the centaur warrior!!
You kill the centaur warrior!
Okawaru accepts your kill.
You hear a splash.
The seven-headed hydra closely misses you.
You block the seven-headed hydra's attack.
The seven-headed hydra bites you.
The seven-headed hydra bites you but does no damage.
You block the seven-headed hydra's attack.
The seven-headed hydra bites you but does no damage.
The seven-headed hydra bites you!
You block the seven-headed hydra's attack. x2
The seven-headed hydra bites you but does no damage.
The seven-headed hydra barely misses you.
The seven-headed hydra bites you! The seven-headed hydra bites you.
The seven-headed hydra bites you!
Throwing (i - inventory. (/) - cycle)
s - 14 javelins (quivered)
Press: ? - help, Shift-Dir - straight line, f/p - seven-headed hydra
Aim: a seven-headed hydra (severely wounded)
You throw a javelin.
The javelin pierces through the seven-headed hydra.
The seven-headed hydra is almost dead.
The javelin pierces through the centaur warrior!!
The centaur warrior is almost dead.
You hear a splash.
The seven-headed hydra bites you!
* * * LOW HITPOINT WARNING * * *
You block the seven-headed hydra's attack. x2
The seven-headed hydra closely misses you.
The seven-headed hydra bites you but does no damage. x3
Throwing (i - inventory. (/) - cycle)
s - 13 javelins (quivered)
Press: ? - help, Shift-Dir - straight line, f/p - seven-headed hydra
Aim: a seven-headed hydra (almost dead)
You throw a javelin.
The javelin pierces through the seven-headed hydra!
The seven-headed hydra is almost dead.
The javelin pierces through the centaur warrior!
You kill the centaur warrior!
Okawaru accepts your kill.
The javelin pierces through the wraith!
The wraith is moderately damaged.
You hear a splash.
The seven-headed hydra bites you but does no damage.
The seven-headed hydra barely misses you.
The seven-headed hydra bites you.
* * * LOW HITPOINT WARNING * * *
You block the seven-headed hydra's attack.
The seven-headed hydra bites you but does no damage.
The seven-headed hydra completely misses you.
The seven-headed hydra bites you!
* * * LOW HITPOINT WARNING * * *
Throwing (i - inventory. (/) - cycle)
s - 12 javelins (quivered)
Press: ? - help, Shift-Dir - straight line, f/p - seven-headed hydra
Aim: a seven-headed hydra (almost dead)
You throw a javelin.
The javelin completely misses the seven-headed hydra.
The javelin barely misses the wraith.
You hear a splash.
Throwing (i - inventory. (/) - cycle)
s - 11 javelins (quivered)
Press: ? - help, Shift-Dir - straight line, f/p - seven-headed hydra
Aim: a seven-headed hydra (almost dead)
You throw a javelin.
The javelin pierces through the seven-headed hydra.
The seven-headed hydra is almost dead.
The javelin completely misses the wraith.
You hear a splash.
The seven-headed hydra bites you but does no damage.
The seven-headed hydra bites you!
* * * LOW HITPOINT WARNING * * *
The seven-headed hydra bites you but does no damage.
The seven-headed hydra bites you.
* * * LOW HITPOINT WARNING * * *
You block the seven-headed hydra's attack.
The seven-headed hydra bites you.
* * * LOW HITPOINT WARNING * * *
The seven-headed hydra bites you.
* * * LOW HITPOINT WARNING * * *
Throwing (i - inventory. (/) - cycle)
s - 10 javelins (quivered)
Press: ? - help, Shift-Dir - straight line, f/p - seven-headed hydra
Aim: a seven-headed hydra (almost dead)
You throw a javelin.
The javelin pierces through the seven-headed hydra.
The seven-headed hydra is almost dead.
The javelin pierces through the wraith!!
The wraith is almost destroyed.
You hear a splash.
The seven-headed hydra bites you!
* * * LOW HITPOINT WARNING * * *
The seven-headed hydra bites you but does no damage.
You block the seven-headed hydra's attack. x2
The seven-headed hydra bites you.
* * * LOW HITPOINT WARNING * * *
The seven-headed hydra closely misses you.
The seven-headed hydra bites you.
You die...

##≈≈#####################
.(≈≈≈)WD@...≈............
≈≈≈≈≈≈#####≈≈≈###########
≈≈≈≈≈ #≈≈≈≈≈# ≈≈≈D
#≈≈≈≈≈# ≈≈≈ ##≈≈≈## ## ≈≈
##≈## #. ≈ ### #.
##########. ...........


You could see a seven-headed hydra and a wraith.

Vanquished Creatures
  Rupert (D:12)
  Kirke (D:13)
  A reaper (Gauntlet)
  A minotaur (Gauntlet)
  Snorg (D:11)
  Erolcha (D:11)
  Fannar (D:12)
  3 hydras
  An ogre mage (D:13)
  Erica (D:9)
  A death knight (D:14)
  A catoblepas (D:13)
  4 centaur warriors
  A death scarab (Gauntlet)
  11 two-headed ogres
  Urug (D:13)
  Sonja (D:13)
  A shadow wraith (D:14)
  A skeletal warrior (D:15)
  A deep troll (D:14)
  3 unseen horrors
  A spectral hydra (Gauntlet)
  2 deep elf magi
  2 cyclopes (D:14)
  7 ugly things
  Joseph (D:8)
  3 yaktaurs (D:12)
  2 kobold demonologists (D:13)
  A freezing wraith (D:14)
  A yaktaur (shapeshifter) (D:13)
  3 trolls
  7 hippogriffs
  Sigmund (D:6)
  6 flying skulls (Gauntlet)
  2 vampires
  2 shadows
  4 water elementals
  9 hogs
  12 yaks
  4 wraiths
  A human (D:9)
  2 hungry ghosts
  A wyvern (D:15)
  4 vampire mosquitoes (D:13)
  Grum (D:8)
  2 acid dragons
  Duvessa (D:4)
  2 water moccasins
  A hornet zombie (D:9)
  7 orc warriors
  3 phantoms
  An eye of draining (D:13)
  An ice beast (D:13)
  5 sky beasts
  4 wolves (D:8)
  A black bear (D:10)
  5 ogres
  7 centaurs
  3 big kobolds
  13 bullfrogs
  2 gnoll sergeants
  Dowan (D:4)
  9 scorpions
  8 howler monkeys
  3 electric eels (D:8)
  2 crimson imps
  4 bullfrog zombies
  4 hounds
  5 centaur skeletons
  11 orc priests
  3 jellies
  15 orc wizards
  4 iguanas
  13 worker ants
  2 hound zombies
  A hound skeleton (D:4)
  A worker ant zombie (D:11)
  A howler monkey zombie (D:7)
  19 adders
  12 gnolls
  2 howler monkey skeletons
  8 shadow imps
  An adder skeleton (D:8)
  A worm (D:2)
  5 dart slugs
  7 leopard geckos
  54 orcs
  3 ball pythons
  5 giant cockroaches
  7 goblins
  11 hobgoblins
  14 jackals
  15 kobolds
  4 quokkas
  5 bats
  4 frilled lizards
  A giant cockroach zombie (D:6)
  A jackal skeleton (D:5)
  A jackal zombie (D:9)
  A leopard gecko zombie (D:5)
  9 rats
  A plant (D:4)
453 creatures vanquished.

Vanquished Creatures (others)
  A human (D:13)
  A bullfrog zombie (D:13)
  A kobold (D:13)
3 creatures vanquished.

Grand Total: 456 creatures vanquished

Notes
Turn   | Place    | Note
-------+----------+-------------------------------------------
     0 | D:1      | EnegeticOcto the Ghoul Fighter began the quest for the Orb.
     0 | D:1      | Reached XP level 1. HP: 19/19 MP: 0/0
   230 | D:1      | Reached XP level 2. HP: 26/26 MP: 1/1
   288 | D:1      | Reached skill level 3 in Unarmed Combat
   491 | D:1      | Reached XP level 3. HP: 31/33 MP: 2/2
  1038 | D:2      | Noticed a bullfrog
  1048 | D:2      | Killed a bullfrog
  1048 | D:2      | Reached skill level 4 in Fighting
  1048 | D:2      | Reached skill level 4 in Unarmed Combat
  1048 | D:2      | Reached XP level 4. HP: 16/41 MP: 3/3
  1048 | D:2      | Reached XP level 5. HP: 19/47 MP: 4/4
  1440 | D:2      | Reached skill level 5 in Unarmed Combat
  2115 | D:3      | Reached XP level 6. HP: 40/55 MP: 5/5
  2515 | D:3      | Reached skill level 5 in Fighting
  2848 | D:3      | Reached skill level 6 in Unarmed Combat
  2947 | D:4      | Reached XP level 7. HP: 18/61 MP: 6/6
  2952 | D:4      | Reached skill level 7 in Unarmed Combat
  3136 | D:4      | HP: 3/62 [orc wizard/magic dart (8)]
  3591 | D:4      | Reached skill level 6 in Fighting
  3714 | D:4      | Found an iron altar of Okawaru.
  3715 | D:4      | Found a bloodstained altar of Trog.
  3716 | D:4      | Found a shattered altar of Ashenzari.
  3718 | D:4      | Found a shimmering blue altar of Sif Muna.
  3720 | D:4      | Became a worshipper of Warmaster Okawaru
  3966 | D:4      | Found Mealega's Assorted Antiques.
  3969 | D:4      | Bought a small diamond ring for 135 gold pieces
  4083 | D:4      | Noticed Duvessa
  4083 | D:4      | Noticed Dowan
  4096 | D:4      | Killed Duvessa
  4096 | D:4      | Reached skill level 1 in Invocations
  4110 | D:4      | Killed Dowan
  4110 | D:4      | Reached skill level 1 in Throwing
  4110 | D:4      | Reached skill level 8 in Unarmed Combat
  4110 | D:4      | Reached XP level 8. HP: 61/70 MP: 7/7
  4471 | D:5      | Entered Level 5 of the Dungeon
  4608 | D:5      | Found Linod's Distillery.
  4815 | D:5      | Reached skill level 2 in Invocations
  4882 | D:5      | Reached * piety under Okawaru
  4922 | D:5      | Found a radiant altar of Vehumet.
  5012 | D:5      | Reached skill level 2 in Throwing
  5354 | D:6      | Found Konin's Assorted Antiques.
  5426 | D:6      | Bought a scroll labeled ATWEWI VERGH for 35 gold pieces
  5426 | D:6      | Bought a scroll labeled HOESU YD ZIUC for 35 gold pieces
  5453 | D:6      | Reached skill level 9 in Unarmed Combat
  5453 | D:6      | Reached skill level 3 in Invocations
  5568 | D:6      | Noticed Sigmund
  5587 | D:6      | Killed Sigmund
  5587 | D:6      | Reached ** piety under Okawaru
  5587 | D:6      | Reached skill level 7 in Fighting
  5587 | D:6      | Reached XP level 9. HP: 48/79 MP: 5/10
  5591 | D:6      | Found a staircase to the Ecumenical Temple.
  5976 | D:6      | Found a shimmering altar of Xom.
  5981 | D:6      | Reached skill level 3 in Throwing
  6148 | D:6      | Found a shimmering altar of Xom.
  6151 | D:6      | Reached skill level 4 in Invocations
  6212 | D:6      | Found a shadowy altar of Dithmenos.
  6357 | D:7      | Found a white marble altar of Elyvilon.
  6430 | D:7      | Found Zin's Purification Station.
  6430 | D:7      | Found a glowing silver altar of Zin.
  6554 | D:7      | Found a blossoming altar of Fedhas.
  6679 | D:7      | Found a sacrificial altar of Ru.
  6786 | D:7      | Reached skill level 10 in Unarmed Combat
  6949 | D:7      | Found a glowing golden altar of the Shining One.
  7233 | D:7      | Reached *** piety under Okawaru
  7588 | D:8      | Reached skill level 4 in Throwing
  7595 | D:8      | Reached skill level 8 in Fighting
  7876 | D:8      | Noticed Joseph
  7878 | D:8      | Reached skill level 5 in Invocations
  7904 | D:8      | Killed Joseph
  7904 | D:8      | Reached XP level 10. HP: 51/88 MP: 7/12
  8004 | D:8      | Reached skill level 11 in Unarmed Combat
  8273 | D:8      | Found a burning altar of Makhleb.
  8431 | D:8      | Reached **** piety under Okawaru
  8496 | D:8      | Found a sparkling altar of Nemelex Xobeh.
  8594 | D:8      | Noticed Grum
  8609 | D:8      | Killed Grum
  8815 | D:8      | Found a staircase to the Lair.
  8930 | D:8      | Found an ancient bone altar of Kikubaaqudgha.
  8962 | D:8      | Reached skill level 6 in Invocations
  8980 | D:8      | Reached skill level 5 in Throwing
  9509 | D:9      | Reached skill level 9 in Fighting
  9522 | D:9      | Reached skill level 12 in Unarmed Combat
 10041 | D:9      | Reached ***** piety under Okawaru
 10041 | D:9      | Received a gift from Okawaru
 10055 | D:9      | Reached skill level 3 in Armour
 10055 | D:9      | Reached skill level 3 in Shields
 10077 | D:9      | Reached XP level 11. HP: 22/97 MP: 4/14
 10400 | D:9      | Noticed Erica
 10414 | D:9      | Killed Erica
 10414 | D:9      | Reached skill level 6 in Throwing
 11071 | D:10     | Entered Level 10 of the Dungeon
 11074 | D:10     | Found Exzink's Food Shoppe.
 11638 | D:10     | Received a gift from Okawaru
 11662 | D:10     | Identified the +5 mace "Kufukhlao" {freeze, rPois rF+++
                  | Int-5 Dex+2} (You found it on level 10 of the Dungeon)
 11688 | D:10     | Noticed a two-headed ogre
 11698 | D:10     | Killed a two-headed ogre
 11698 | D:10     | Reached skill level 10 in Fighting
 11698 | D:10     | Reached skill level 4 in Shields
 12321 | D:5      | Bought a potion of might for 44 gold pieces
 12321 | D:5      | Bought a potion of haste for 110 gold pieces
 12321 | D:5      | Bought a potion of haste for 110 gold pieces
 12479 | D:11     | Found a staircase to the Orcish Mines.
 12503 | D:10     | Reached skill level 4 in Armour
 12870 | D:11     | Found a roughly hewn altar of Beogh.
 13017 | D:11     | Noticed a green ugly thing
 13030 | D:11     | Killed a green ugly thing
 13185 | D:11     | Noticed a five-headed hydra
 13193 | D:11     | Killed a five-headed hydra
 13215 | D:11     | Received a gift from Okawaru
 13340 | D:11     | Reached ****** piety under Okawaru
 13346 | D:11     | Noticed a two-headed ogre
 13358 | D:11     | Noticed Snorg
 13659 | D:11     | Killed an unseen horror
 13659 | D:11     | Reached skill level 7 in Throwing
 13839 | D:11     | Noticed Erolcha
 13849 | D:11     | Killed Erolcha
 13849 | D:11     | Reached skill level 5 in Armour
 13849 | D:11     | Reached skill level 5 in Shields
 13849 | D:11     | Reached XP level 12. HP: 107/107 MP: 12/15
 13947 | D:11     | Killed Snorg
 14138 | D:11     | Killed a two-headed ogre
 14138 | D:11     | Received a gift from Okawaru
 14138 | D:11     | Reached skill level 13 in Unarmed Combat
 14332 | D:12     | Noticed Fannar
 14342 | D:12     | Killed Fannar
 14471 | D:12     | Received a gift from Okawaru
 14475 | D:12     | Got a pair of dazzling gloves {god gift}
 14476 | D:12     | Identified the +0 pair of gloves of Ozxuiwuafu {+Inv Dex+3}
                  | (Okawaru gifted it to you on level 12 of the Dungeon)
 14481 | D:12     | Found an opulent altar of Gozag.
 14593 | D:12     | Noticed a two-headed ogre
 14607 | D:12     | Killed a two-headed ogre
 14607 | D:12     | Reached skill level 11 in Fighting
 14786 | D:12     | Found a gate leading to a gauntlet.
 14799 | Gauntlet | Entered a Gauntlet
 14799 | Gauntlet | Found a transporter.
 14799 | Gauntlet | Found a transporter.
 14927 | Gauntlet | Found a transporter.
 14927 | Gauntlet | Found a transporter.
 14929 | Gauntlet | Found a transporter.
 14936 | Gauntlet | Noticed a death scarab
 14937 | Gauntlet | Found a transporter.
 14941 | Gauntlet | Found a transporter.
 14950 | Gauntlet | Noticed a reaper
 14951 | Gauntlet | Found a transporter.
 15040 | Gauntlet | Found a transporter.
 15054 | Gauntlet | Found a transporter.
 15058 | Gauntlet | Found a transporter.
 15066 | Gauntlet | Noticed a death ooze
 15153 | Gauntlet | Reached skill level 6 in Armour
 15161 | Gauntlet | Reached skill level 6 in Shields
 15238 | Gauntlet | Killed a death scarab
 15238 | Gauntlet | Reached skill level 8 in Throwing
 15407 | Gauntlet | Killed a reaper
 15472 | Gauntlet | Got a scintillating ivory amulet
 15473 | Gauntlet | Identified the amulet "Kymaptin" {Acrobat *Corrode MP+9
                  | Int+4} (You found it in a Gauntlet)
 15481 | Gauntlet | Found a transporter.
 15488 | Gauntlet | Identified the cursed +1 plate armour of Ifirul {rF- rC+++
                  | MP+9}
 15488 | Gauntlet | Identified the +0 buckler of the Pleiades {-Cast rPois
                  | Str+6}
 15488 | Gauntlet | Noticed a minotaur
 15497 | Gauntlet | Killed a minotaur
 15513 | Gauntlet | Identified the Tome of Conjuration
 15832 | D:12     | Received a gift from Okawaru
 16191 | D:12     | Reached XP level 13. HP: 114/116 MP: 14/16
 16574 | D:12     | Noticed Rupert
 16589 | D:12     | Killed Rupert
 16805 | D:13     | Reached skill level 7 in Armour
 16818 | D:13     | Reached skill level 7 in Shields
 16830 | D:13     | Received a gift from Okawaru
 16837 | D:13     | Reached skill level 12 in Fighting
 17034 | D:13     | Reached skill level 14 in Unarmed Combat
 17117 | D:13     | Reached skill level 9 in Throwing
 17485 | D:13     | Noticed Kirke
 17496 | D:13     | Killed Kirke
 17608 | D:13     | Noticed Urug
 17616 | D:13     | Killed Urug
 17987 | D:13     | Noticed Sonja
 17995 | D:13     | Killed Sonja
 18002 | D:13     | Reached skill level 8 in Armour
 18002 | D:13     | Reached skill level 8 in Shields
 18002 | D:13     | Reached XP level 14. HP: 119/127 MP: 15/17
 18151 | D:13     | Received a gift from Okawaru
 18919 | D:14     | Received a gift from Okawaru
 19232 | D:14     | Reached skill level 13 in Fighting
 19420 | D:14     | Reached skill level 10 in Throwing
 19518 | D:14     | Found a gate to the Vaults.
 20289 | D:15     | Entered Level 15 of the Dungeon
 20979 | D:15     | Received a gift from Okawaru
 20979 | D:15     | Reached skill level 15 in Unarmed Combat
 21074 | D:15     | HP: 4/129 [seven-headed hydra (6)]
 21074 | D:15     | Slain by a seven-headed hydra

Illustrated notes

Levels and vault maps discovered:
D:1:      matt_arrival_refuge, layout_basic, minmay_small_reverse_x
D:2:      layout_basic, first_ration
D:3:      layout_loops_ring
D:4:      layout_loops_corners, grunt_temple_overflow_open, serial_forest,
          infiniplex_forest_straight_2, infiniplex_forest_clump_curved,
          infiniplex_forest_clump_double, infiniplex_forest_clump_tiny,
          infiniplex_forest_end_3, infiniplex_forest_end_2,
          infiniplex_forest_clump_small, infiniplex_forest_corner_2,
          serial_shops, kennysheep_mini_moat, uniq_duvessa
D:5:      layout_basic, vehumet_crystals, kennysheep_small_circle
D:6:      layout_rooms, minmay_temple_entry_statues_fountains, serial_shops,
          shop, hangedman_feature_mirror, grunt_dithmenos_smoke_and_mirrors,
          uniq_sigmund
D:7:      layout_loops_corners, nicolae_ru_sacrificial_ziggurat,
          elyvilon_altar_5, fedhas_altar_2, zin_purify, basic_altar,
          minmay_misc_feat_more_columns
D:8:      layout_loops_corners, kennysheep_mini,
          nemelex_xobeh_ov_fountains_minmay, erik_lair_island, basic_altar,
          uniq_joseph, uniq_grum
D:9:      layout_basic, grunt_livestock, uniq_erica
D:10:     layout_stronghold, serial_shops, nicolae_shop_statue_plus
D:11:     layout_irregular_city, minmay_orc_entry_temple_small, uniq_snorg,
          uniq_erolcha
D:12:     layout_loops_ring, gauntlet_entry_generic, grunt_ministairs_11,
          nicolae_gozag_cash_rules_everything_around_me, uniq_rupert,
          uniq_fannar
D:13:     layout_roguey, uniq_kirke, uniq_urug, uniq_sonja
D:14:     layout_loops_corners, david_vaults_4, serial_bayou_pond_d
D:15:     hangedman_depths_entry_try_elsewhere_first, layout_basic,
          minmay_misc_feat_x

Skill      XL: |  1  2  3  4  5  6  7  8  9 10 11 12 13 14 |
---------------+-------------------------------------------+-----
Unarmed Combat | 3 4 5 6 8 9 10 12 13 14 15 | 15.0
Fighting       | 4 5 6 7 8 9 10 11 12 13 | 13.4
Invocations    | 1 3 5 6 |  6.0
Throwing       | 1 2 4 5 7 8 9 10 | 10.4
Armour         | 3 5 6 8 |  8.0
Shields        | 3 5 6 8 |  8.0

Action                   |  1- 3 |  4- 6 |  7- 9 | 10-12 | 13-15 || total
-------------------------+-------+-------+-------+-------+-------++-------
Melee: Unarmed           |   129 |   209 |   408 |   716 |   450 ||  1912
Throw: Boomerang         |       |       |    32 |    44 |    34 ||   110
       Javelin           |       |       |       |       |    65 ||    65
Invok: Heroism           |       |       |     1 |     9 |     4 ||    14
       Finesse           |       |       |       |       |     3 ||     3
Evoke: Wand              |       |       |     3 |     6 |     1 ||    10
  Use: Scroll            |       |     7 |    11 |     7 |     3 ||    28
       Potion            |       |     1 |       |     1 |     1 ||     3
  Eat: Chunk             |    12 |    18 |    21 |    33 |    17 ||   101
       Ration            |       |       |       |     1 |     2 ||     3
Armor: Scale mail        |    58 |    74 |    17 |       |       ||   149
       Plate armour      |       |       |   194 |   363 |       ||   557
       Chain mail        |       |       |       |    38 |    23 ||    61
       Storm dragon scal |       |       |       |       |   225 ||   225
Dodge: Dodged            |    36 |    40 |    31 |   103 |    82 ||   292
       Repelled          |     5 |     4 |     6 |    12 |     2 ||    29
Block: Kite shield       |    64 |    75 |   165 |   365 |   249 ||   918
